 Dungeon Crawl Stone Soup version 0.29-a0-923-g6e406bff71 (webtiles) character file.

Game seed: 8826649362483995484

74 jt the Magician (level 4, -6/32 HPs)
             Began as a Palentonga Hedge Wizard on July 28, 2022.
             Was a Believer of Cheibriados.
             Killed by an exploding butterfly (12 damage)
             ... ignited by their inner flame
             ... on level 3 of the Dungeon.
             The game lasted 00:04:34 (2753 turns).

jt the Magician (Palentonga Hedge Wizard)           Turns: 2753, Time: 00:04:35

Health: -6/32      AC:  8    Str: 19    XL:     4   Next: 10%
Magic:  3/9        EV: 10    Int: 20    God:    Cheibriados [**....]
Gold:   13         SH:  0    Dex: 14    Spells: 5/10 levels left

rFire   + . .      SeeInvis +   l - +3 dagger
rCold   + . .      Faith    .   (no shield)
rNeg    . . .      Spirit   .   x - +2 robe "Souskyne" {Contam rF+ rC+ Int+2}
rPois   +          Reflect  .   w - +1 helmet
rElec   .          Harm     .   (no cloak)
rCorr   .          Rampage  .   (no gloves)
Will    .....                   (no barding)
Stlth   ++........              (no amulet)
HPRegen 0.10/turn               u - ring of poison resistance
MPRegen 0.11/turn               (no ring)

@: very slow
A: large, rugged brown scales 3, see invisible, deformed body, roll 1, armoured
tail
a: Rolling Charge, Renounce Religion, Bend Time


You were on level 3 of the Dungeon.
You worshipped Cheibriados.
Cheibriados was pleased with you.
You visited 1 branch of the dungeon, and saw 3 of its levels.

You collected 85 gold pieces.
You spent 72 gold pieces at shops.

Inventory:

Hand Weapons
 a - a +0 dagger
 e - a +0 trident
 f - a +0 mace
 i - a +0 spear of venom
 l - a +3 dagger (weapon)
 t - a +0 hand axe
Missiles
 h - 18 stones
 r - 6 poisoned darts
Armour
 b - a +0 robe
 c - a +0 hat
 q - a +0 chain mail
 v - a +0 buckler
 w - a +1 helmet (worn)
 x - the +2 robe "Souskyne" (worn) {Contam rF+ rC+ Int+2}
   (You found it on level 3 of the Dungeon)

   Int:       It affects your intelligence (+2).
   rF:        It protects you from fire.
   rC:        It protects you from cold.
   Contam:    It causes magical contamination when unequipped.
Jewellery
 u - a ring of poison resistance (left hand)
Scrolls
 j - a scroll of identify
 m - a scroll of torment
 n - 2 scrolls of teleportation
Potions
 d - a potion of magic
 g - 2 potions of curing
 k - 2 potions of brilliance {unknown}
 s - a potion of attraction {unknown}


   Skills:
 - Level 1.5 Dodging
 - Level 1.2 Stealth
 + Level 3.8 Spellcasting
 + Level 2.4 Conjurations
 - Level 0.7 Summonings
 + Level 1.4 Translocations


You had 5 spell levels left.
You knew the following spells:

 Your Spells              Type           Power      Damage    Failure   Level
a - Magic Dart            Conj           52%        1d5       4%          1
b - Blink                 Tloc           18%        N/A       11%         2
c - Call Imp              Summ           6%         N/A       14%         2

Your spell library contained the following spells:

 Spells                   Type           Power      Damage    Failure   Level
 Slow                     Hex            12%        N/A       13%         1
 Conjure Flame            Conj/Fire      8%         6-21      24%         3
 Mephitic Cloud           Conj/Pois/Air  7%         N/A       28%         3


Dungeon Overview and Level Annotations

Branches:
Dungeon (3/15)

Altars:
Cheibriados

Shops:
D:1 (   D:2 *

Annotations:
D:3 Grinder


Innate Abilities, Weirdness & Mutations

You are completely covered in rugged brown scales. (AC +3, +7% HP)
You have supernaturally acute eyesight. (SInv)
Armour fits poorly on your strangely shaped body.
You can roll at nearby foes to attack.
You have a long armoured tail.


Message History

It was a scroll of immolation.
The gnoll hits you but does no damage.
The gnoll hits you from afar with a +0 spear.
The gnoll hits you with a +0 flail.
* * * LOW HITPOINT WARNING * * *
It was a potion of curing.
You feel better. The gnoll hits you with a +0 flail.
The gnoll hits you but does no damage. The gnoll hits you with a +0 flail!
* * * LOW HITPOINT WARNING * * *
Okay, then.
Okay, then.
You feel better. The gnoll hits you but does no damage.
The gnoll closely misses your butterfly.
The gnoll hits you with a +0 flail.
* * * LOW HITPOINT WARNING * * *
You swap places.
The gnoll attacks as you move away! The gnoll hits you with a +0 flail.
* * * LOW HITPOINT WARNING * * *
The gnoll misses your butterfly.
The gnoll hits your butterfly with a +0 spear.
Your butterfly disappears in a burst of colours!
Your butterfly explodes!
The fiery explosion engulfs the gnoll!!
Cheibriados thoroughly appreciates the change of pace.
The fiery explosion engulfs your butterfly!
Your butterfly disappears in a burst of colours!
The fiery explosion engulfs your butterfly!
Your butterfly disappears in a burst of colours!
The fiery explosion engulfs the gnoll!!
Cheibriados appreciates the change of pace.
The gnoll explodes!
The fiery explosion engulfs your butterfly!!
Your butterfly disappears in a burst of colours!
The fiery explosion engulfs the gnoll!!
Cheibriados appreciates the change of pace.
Cheibriados raises the support of your attributes as your movement slows.
The gnoll explodes!
The fiery explosion engulfs your butterfly!!!
Your butterfly disappears in a burst of colours!
Your butterfly explodes!
The fiery explosion engulfs you! You resist.
You die...

#...# #.#### ###.#
.....# #.#### # #.##.#
#....#####.##.##.###
###............[....<.
#.....b.####.##.##.#..
###...b.# #.......#.#
##..b## ####.####.#
#.@§# #.# #.# #§§§# #.#
#.# #§§§# #.####..
#§§§# #....... #§§)#
#####..##### ......
..........###
....b.b.).......#....
...............#..#..##
#####...#####.##.....##


There were no monsters in sight!

Vanquished Creatures
  An adder (D:3)
  4 gnolls (D:3)
  A worm (D:2)
  2 dart slugs (D:1)
  An orc (D:3)
  4 bats
  7 endoplasms
  5 giant cockroaches
  2 goblins
  3 hobgoblins (D:1)
  2 kobolds
  3 quokkas (D:1)
  6 ball pythons
  A frilled lizard (D:2)
  5 rats
47 creatures vanquished.

Notes
Turn   | Place    | Note
-------+----------+-------------------------------------------
     0 | D:1      | jt the Palentonga Hedge Wizard began the quest for the Orb.
     0 | D:1      | Reached XP level 1. HP: 13/13 MP: 4/4
    60 | D:1      | Reached skill level 1 in Conjurations
   343 | D:1      | Reached XP level 2. HP: 20/20 MP: 6/6
   347 | D:1      | Learned a level 2 spell: Blink
   350 | D:1      | Learned a level 2 spell: Call Imp
  1064 | D:1      | Reached XP level 3. HP: 25/25 MP: 1/8
  1140 | D:1      | Found Ceil's Weapon Shoppe.
  1418 | D:1      | Found a faded altar of an unknown god.
  1423 | D:1      | Prayed at the altar of an unknown god.
  1423 | D:1      | Became a worshipper of Cheibriados the Contemplative
  1423 | D:1      | Reached * piety under Cheibriados
  1756 | D:2      | Found Qefef's Assorted Antiques.
  1764 | D:2      | Bought a golden potion for 22 gold pieces
  1764 | D:2      | Bought a scroll labelled LEHIGANLEN for 25 gold pieces
  1764 | D:2      | Bought a scroll labelled DUL VETECVESAU for 25 gold pieces
  2620 | D:3      | Noticed Grinder
  2725 | D:3      | Identified the +2 robe "Souskyne" {Contam rF+ rC+ Int+2}
  2744 | D:3      | Reached XP level 4. HP: 32/32 MP: 2/9
  2753 | D:3      | Reached ** piety under Cheibriados
  2753 | D:3      | Killed by an exploding butterfly... ignited by their inner
                  | flame

Illustrated notes

Levels and vault maps discovered:
D:1:      nzn_arrival_depleted_hourglass, layout_loops_ring,
          shapermc_ecumenical_altar_petra, serial_shops, nicolae_diamond_shop,
          skrybe_limestone_x
D:2:      layout_loops_corners, serial_shops, nicolae_shop_crystal, st_stairs_6
D:3:      layout_loops_cross, chei_slow_surprise,
          grunt_temple_overflow_lords_of_destruction, amcnicky_mini_pool_small,
          uniq_grinder, uniq_crazy_yiuf_cottage

Skill      XL: |  1  2 |
---------------+-------+-----
Conjurations   | 1 2 |  2.4
Dodging        | |  1.5
Stealth        | |  1.2
Spellcasting   | |  3.8
Summonings     | |  0.7
Translocations | |  1.4

Action                   |  1- 3 |  4- 6 || total
-------------------------+-------+-------++-------
Melee: Trident           |    18 |       ||    18
       Spear             |    18 |       ||    18
       Tailslap          |     8 |       ||     8
       Punch             |     1 |       ||     1
       Dagger            |    16 |     3 ||    19
 Cast: Magic Dart        |    83 |       ||    83
  Use: Scroll            |     1 |     3 ||     4
       Potion            |       |     2 ||     2
 Stab: Sleeping          |     2 |       ||     2
Armor: Robe              |    14 |     5 ||    19
Dodge: Dodged            |    22 |     2 ||    24

Table legend: (Time is in decaauts)
 A = Elapsed time spent in this place.
 B = Non-inter-level travel time spent in this place.
 C = Inter-level travel time spent in this place.
 D = Time resting spent in this place.
 E = Time spent auto-exploring this place.
 F = Levels seen in this place.
 G = Mean time per level.
                   A        B        C        D        E       F      G
               +--------+--------+--------+--------+--------+-----+--------+
         Total |   3125 |   2831 |    294 |    443 |   1953 |   3 | 1041.7 |
       Dungeon |   3125 |   2831 |    294 |    443 |   1953 |   3 | 1041.7 |
               +--------+--------+--------+--------+--------+-----+--------+

Top non-repeatable levels by time:
     D:1: 1523 daAuts
     D:2: 1378 daAuts
     D:3: 223 daAuts
